[Event "34th MPL National U12G Chess-ch 2022"]
[Site "Mysore"]
[Date "2022.04.09"]
[Round "1.1"]
[White "Vritika Krushna Game"]
[Black "Shubhi Gupta"]
[Result "0-1"]
[ECO "D02"]
[WhiteElo "1034"]
[BlackElo "1434"]
[Annotator "NA RC"]
[PlyCount "68"]
[EventDate "2022.04.09"]
[EventCountry "IND"]
[SourceTitle "playchess.com"]
[Source "ChessBase"]
[SourceQuality "1"]
[TimeControl "5400+30"]

1. d4 d5 2. Nf3 Nf6 3. Bf4 c5 4. e3 Nc6 5. c3 Qb6 6. b3 Bf5 7. Na3 a6 8. Bd3 Bxd3 9. Qxd3 cxd4 10. exd4 e5 11. dxe5 Ng4 12. Qd2 Bxa3 13. h3 d4 14. hxg4 dxc3 15. Qe2 Qb4 16. Qc4 Bb2 17. Qxb4 Nxb4 18. Rd1 c2 19. Rd3 c1=Q+ 20. Bxc1 Bxc1 21. a4 Ba3 22. Rd2 Nc6 23. O-O O-O 24. Rfd1 Rfd8 25. g3 h6 26. Rd7 Bc5 27. Rxd8+ Rxd8 28. Rxd8+ Nxd8 29. Nd2 Nc6 30. Nc4 b5 31. axb5 axb5 32. Nd2 Nd4 33. Ne4 Bb6 34. Nd6 b4 0-1

[Event "34th MPL National U12G Chess-ch 2022"]
[Site "Mysore"]
[Date "2022.04.09"]
[Round "1.2"]
[White "Arshiya Das"]
[Black "Daksha Rudra"]
[Result "0-1"]
[ECO "C63"]
[WhiteElo "1407"]
[BlackElo "1028"]
[Annotator "NA RC"]
[PlyCount "109"]
[EventDate "2022.04.09"]
[EventCountry "IND"]
[SourceTitle "playchess.com"]
[Source "ChessBase"]
[SourceQuality "1"]
[TimeControl "5400+30"]

1. e4 e5 2. Nf3 Nc6 3. Bb5 f5 4. Bxc6 dxc6 5. Nxe5 Qd4 6. Nf3 Qxe4+ 7. Qe2 Qxe2+ 8. Kxe2 Bd6 9. Re1 h6 10. Kf1+ Kf7 11. d4 Be6 12. b3 Nf6 13. c4 b6 14. c5 bxc5 15. dxc5 Bxc5 16. Ne5+ Ke7 17. Ng6+ Kf7 18. Nxh8+ Rxh8 19. Be3 Bd6 20. h3 Be5 21. Nd2 Bxa1 22. Rxa1 Rd8 23. Nf3 Bd5 24. Bxa7 Ra8 25. Bd4 c5 26. Bb2 Nd7 27. Nd2 Nb6 28. a4 g5 29. Rc1 Nd7 30. g3 Rb8 31. Rc3 Ra8 32. Kg1 c6 33. Rc1 Rb8 34. Ba3 Bxb3 35. Rb1 Bxa4 36. Rxb8 Nxb8 37. Bxc5 Nd7 38. Ba3 Ke6 39. Kf1 Bb5+ 40. Ke1 c5 41. Kd1 Bd3 42. Nb3 Kd5 43. Kd2 c4 44. Nc1 Be4 45. Ke3 Ne5 46. Ne2 Bd3 47. Nc3+ Ke6 48. Bf8 h5 49. Bh6 Kf6 50. Bf8 Bf1 51. Nd5+ Kf7 52. Ba3 Bxh3 53. Kd4 Ke6 54. Nc7+ Kd7 55. Nd5 0-1

[Event "34th MPL National U12G Chess-ch 2022"]
[Site "Mysore"]
[Date "2022.04.09"]
[Round "1.3"]
[White "Katari Sajyotsna"]
[Black "Shreya G Hipparagi"]
[Result "0-1"]
[ECO "C50"]
[WhiteElo "1017"]
[BlackElo "1552"]
[Annotator "NA RC"]
[PlyCount "81"]
[EventDate "2022.04.09"]
[EventCountry "IND"]
[SourceTitle "playchess.com"]
[Source "ChessBase"]
[SourceQuality "1"]
[TimeControl "5400+30"]

1. e4 e5 2. Nf3 Nc6 3. Bc4 Bc5 4. d3 Nf6 5. Nc3 d6 6. a3 a6 7. Ba2 Bg4 8. h3 Bxf3 9. Qxf3 Nd4 10. Qd1 h6 11. Ne2 O-O 12. Ng3 d5 13. c3 Ne6 14. exd5 Nxd5 15. Nf5 Nef4 16. Bxf4 Nxf4 17. O-O Qg5 18. Qg4 Qxg4 19. hxg4 Nxd3 20. b4 Ba7 21. Rad1 Nf4 22. Rd7 Ne2+ 23. Kh1 Nxc3 24. Bb3 Bb6 25. Nh4 Rad8 26. Re7 Nd5 27. Rxe5 Nf6 28. Re7 Nd5 29. Re5 Nf6 30. Ng6 Rfe8 31. Ne7+ Kf8 32. Rfe1 Bxf2 33. R1e2 Bd4 34. Ba4 c6 35. Bxc6 bxc6 36. Nxc6 Bxe5 37. Nxd8 Rxd8 38. Rxe5 Rd1+ 39. Kh2 Nxg4+ 40. Kg3 Nxe5 41. Kh2 0-1

[Event "34th MPL National U12G Chess-ch 2022"]
[Site "Mysore"]
[Date "2022.04.09"]
[Round "1.5"]
[White "Anisha H Devadiga"]
[Black "Kalyani Sirin"]
[Result "0-1"]
[ECO "C54"]
[WhiteElo "1009"]
[BlackElo "1243"]
[Annotator "NA RC"]
[PlyCount "109"]
[EventDate "2022.04.09"]
[EventCountry "IND"]
[SourceTitle "playchess.com"]
[Source "ChessBase"]
[SourceQuality "1"]
[TimeControl "5400+30"]

1. e4 e5 2. Nf3 Nc6 3. Bc4 Bc5 4. c3 Nf6 5. d3 d6 6. O-O O-O 7. Re1 h6 8. Be3 Bxe3 9. Rxe3 d5 10. Bxd5 Nxd5 11. exd5 Qxd5 12. Qe2 Bg4 13. h3 Bxf3 14. Qxf3 Rad8 15. Nd2 Qxf3 16. Nxf3 f6 17. Rd1 Rd7 18. Re2 Rfd8 19. Red2 Kf7 20. Kf1 Ke6 21. Ke2 Rd5 22. Ke3 Ne7 23. c4 Nf5+ 24. Ke4 R5d7 25. g4 Nd4 26. Nxd4+ Rxd4+ 27. Ke3 f5 28. gxf5+ Kxf5 29. f3 g5 30. Rg1 h5 31. b3 c5 32. a3 a6 33. b4 cxb4 34. axb4 b5 35. Rc1 Rh4 36. Rh2 Rc8 37. Ra1 bxc4 38. Rxa6 c3 39. Rc2 Rxb4 40. Ra3 Rh4 41. Raxc3 Rxc3 42. Rxc3 Rxh3 43. Rc5 Rh4 44. Rc2 Rf4 45. Rh2 Kg6 46. Ke2 g4 47. fxg4 hxg4 48. Rg2 Kg5 49. Ke3 Kf5 50. Rg3 Kg5 51. Kd2 Kh4 52. Re3 g3 53. Rxe5 g2 54. Re4 Rxe4 55. dxe4 0-1

[Event "34th MPL National U12G Chess-ch 2022"]
[Site "Mysore"]
[Date "2022.04.09"]
[Round "1.6"]
[White "Prishita Gupta"]
[Black "Saeeja Gunesh Dessai"]
[Result "1-0"]
[ECO "D11"]
[WhiteElo "1412"]
[BlackElo "1006"]
[Annotator "NA RC"]
[PlyCount "73"]
[EventDate "2022.04.09"]
[EventCountry "IND"]
[SourceTitle "playchess.com"]
[Source "ChessBase"]
[SourceQuality "1"]
[TimeControl "5400+30"]

1. d4 d5 2. g3 Nf6 3. Bg2 Bf5 4. c4 e6 5. Nc3 c6 6. Nf3 dxc4 7. Ne5 Nbd7 8. Nxc4 Nb6 9. Ne5 Bd6 10. e4 Bxe5 11. dxe5 Qxd1+ 12. Kxd1 Ng4 13. exf5 Nxf2+ 14. Ke2 Nxh1 15. fxe6 Nxg3+ 16. hxg3 fxe6 17. Ne4 O-O 18. Bh3 Rfd8 19. Nd6 Rd7 20. Bg5 Rc7 21. Bxe6+ Kh8 22. Nf7+ Kg8 23. Nd8+ Kh8 24. Rf1 h6 25. Rf8+ Kh7 26. Bg8+ Kg6 27. Bh4 Nd5 28. e6 Ne7 29. g4 Nxg8 30. Rxg8 Kh7 31. Re8 g5 32. Bg3 Rg7 33. Be5 Rg8 34. Rxg8 Kxg8 35. e7 Kh7 36. e8=Q Rxd8 37. Qf7# 1-0

[Event "34th MPL National U12G Chess-ch 2022"]
[Site "Mysore"]
[Date "2022.04.09"]
[Round "2.1"]
[White "Shubhi Gupta"]
[Black "Sandeepa Priyadarshini Sahoo"]
[Result "1-0"]
[ECO "D43"]
[WhiteElo "1434"]
[BlackElo "1142"]
[Annotator "NA RC"]
[PlyCount "69"]
[EventDate "2022.04.09"]
[EventCountry "IND"]
[SourceTitle "playchess.com"]
[Source "ChessBase"]
[SourceQuality "1"]
[TimeControl "5400+30"]

1. d4 e6 2. c4 d5 3. Nc3 Nf6 4. Bg5 c6 5. Nf3 h6 6. Bh4 Bd6 7. e3 Nbd7 8. Rc1 b6 9. Bd3 Qc7 10. O-O Bb7 11. cxd5 exd5 12. Nb5 Qb8 13. Nxd6+ Qxd6 14. Bb1 g5 15. Bg3 Qe6 16. Ne5 Nxe5 17. Bxe5 Rg8 18. Bxf6 Qxf6 19. e4 dxe4 20. Bxe4 Kf8 21. Rc3 Rd8 22. Rf3 Qd6 23. Qb3 Qe7 24. Qe3 Qd6 25. Rd1 Bc8 26. Bf5 Bxf5 27. Rxf5 Rg6 28. h3 Qe6 29. Qa3+ Qe7 30. Qf3 Rgd6 31. Rc1 Rxd4 32. Rxc6 Rd1+ 33. Kh2 R1d6 34. Qc3 Rxc6 35. Qh8# 1-0

[Event "34th MPL National U12G Chess-ch 2022"]
[Site "Mysore"]
[Date "2022.04.09"]
[Round "2.2"]
[White "Shreya G Hipparagi"]
[Black "Anaishaa Pinkesh Nahar"]
[Result "1/2-1/2"]
[ECO "B73"]
[WhiteElo "1552"]
[BlackElo "1254"]
[Annotator "NA RC"]
[PlyCount "92"]
[EventDate "2022.04.09"]
[EventCountry "IND"]
[SourceTitle "playchess.com"]
[Source "ChessBase"]
[SourceQuality "1"]
[TimeControl "5400+30"]

1. e4 c5 2. Nf3 g6 3. d4 cxd4 4. Nxd4 Nf6 5. Nc3 d6 6. Be2 Bg7 7. Be3 Bd7 8. O-O O-O 9. Kh1 Nc6 10. f4 Qc8 11. Bf3 Re8 12. Nxc6 Bxc6 13. Bd4 e5 14. fxe5 dxe5 15. Be3 Rd8 16. Qe2 h6 17. Rad1 Kh7 18. Bc5 Rxd1 19. Qxd1 Qe8 20. Nd5 Nxd5 21. exd5 Bb5 22. Re1 b6 23. Bd4 Rd8 24. b3 Qh8 25. Bb2 f5 26. c4 Bd7 27. Ba3 e4 28. Be2 Bc3 29. Rf1 Qg7 30. b4 Bb2 31. Qb3 Bxa3 32. Qxa3 Qd4 33. Qxa7 Qd2 34. Qc7 Qxe2 35. Rg1 Rg8 36. Qxd7+ Rg7 37. Qc6 Qxa2 38. d6 Qd2 39. Qxb6 e3 40. b5 f4 41. Qc5 Qf2 42. Qd4 f3 43. g3 Qe2 44. Qg4 h5 45. d7 hxg4 46. d8=Q f2 1/2-1/2

[Event "34th MPL National U12G Chess-ch 2022"]
[Site "Mysore"]
[Date "2022.04.09"]
[Round "2.3"]
[White "Rudra Rajeev"]
[Black "Singh Myra"]
[Result "0-1"]
[ECO "D35"]
[WhiteElo "1141"]
[BlackElo "1606"]
[Annotator "NA RC"]
[PlyCount "76"]
[EventDate "2022.04.09"]
[EventCountry "IND"]
[SourceTitle "playchess.com"]
[Source "ChessBase"]
[SourceQuality "1"]
[TimeControl "5400+30"]

1. d4 d5 2. c4 e6 3. Nc3 Nf6 4. Bg5 Be7 5. cxd5 exd5 6. e3 O-O 7. Bd3 Nbd7 8. f3 h6 9. Bh4 b6 10. Nge2 Bb7 11. O-O Re8 12. Rc1 c5 13. Bb1 Bd6 14. Qd2 cxd4 15. Nxd4 Ne5 16. b3 Bc5 17. Na4 Ba6 18. Rfd1 Ba3 19. Rc2 Bd3 20. Nc6 Qd6 21. Nxe5 Bxc2 22. Nc4 dxc4 23. Qxc2 Qe6 24. e4 cxb3 25. axb3 Rac8 26. Qd3 Red8 27. Qxd8+ Rxd8 28. Rxd8+ Bf8 29. Bc2 Qe7 30. Bxf6 Qxf6 31. Rd5 Qc6 32. Bd1 b5 33. Nb2 Qc1 34. Na4 bxa4 35. bxa4 Bc5+ 36. Kh1 Qe3 37. Rd8+ Kh7 38. h4 Qg1# 0-1

[Event "34th MPL National U12G Chess-ch 2022"]
[Site "Mysore"]
[Date "2022.04.09"]
[Round "2.4"]
[White "Kalyani Sirin"]
[Black "Aadya Ranganath"]
[Result "1-0"]
[ECO "C50"]
[WhiteElo "1243"]
[BlackElo "1133"]
[Annotator "NA RC"]
[PlyCount "101"]
[EventDate "2022.04.09"]
[EventCountry "IND"]
[SourceTitle "playchess.com"]
[Source "ChessBase"]
[SourceQuality "1"]
[TimeControl "5400+30"]

1. e4 e5 2. Nf3 Nc6 3. Bc4 Bc5 4. O-O Nf6 5. d3 O-O 6. Bg5 h6 7. Bh4 Be7 8. Nbd2 d5 9. exd5 Nxd5 10. Bxe7 Ndxe7 11. Re1 Ng6 12. h3 Be6 13. Bxe6 fxe6 14. Nc4 Qf6 15. Qd2 Rad8 16. Re4 b5 17. Ne3 Nd4 18. Nxd4 Rxd4 19. Ng4 Qf5 20. Rae1 Rxe4 21. Rxe4 Rd8 22. Qe3 Rd5 23. Qxa7 c5 24. Ne3 Qf7 25. Qxf7+ Kxf7 26. Nxd5 exd5 27. Re1 Kf6 28. g3 Ne7 29. Kg2 Nf5 30. c3 Nd6 31. b3 Nb7 32. a4 c4 33. dxc4 dxc4 34. b4 bxa4 35. Ra1 Nd6 36. Rxa4 Nb5 37. Ra6+ Kf5 38. Rc6 Nxc3 39. Rxc4 Ne4 40. g4+ Kf4 41. f3 Kg5 42. fxe4 Kf4 43. b5 g6 44. b6 h5 45. b7 hxg4 46. hxg4 Kxg4 47. b8=Q g5 48. Qxe5 Kh5 49. Rc6 Kg4 50. Qf5+ Kh5 51. Qh3# 1-0

[Event "34th MPL National U12G Chess-ch 2022"]
[Site "Mysore"]
[Date "2022.04.09"]
[Round "2.5"]
[White "Advika Sarupria"]
[Black "Prishita Gupta"]
[Result "0-1"]
[ECO "D60"]
[WhiteElo "1108"]
[BlackElo "1412"]
[Annotator "NA RC"]
[PlyCount "138"]
[EventDate "2022.04.09"]
[EventCountry "IND"]
[SourceTitle "playchess.com"]
[Source "ChessBase"]
[SourceQuality "1"]
[TimeControl "5400+30"]

1. d4 d5 2. c4 e6 3. Nf3 Nf6 4. Bg5 Be7 5. Nc3 c6 6. e3 h6 7. Bh4 Nbd7 8. Bd3 O-O 9. O-O Re8 10. Bxf6 Nxf6 11. Ne5 c5 12. cxd5 exd5 13. Bb5 Rf8 14. Qd2 a6 15. Be2 cxd4 16. exd4 Bf5 17. Bf3 Rc8 18. Rfe1 Bb4 19. a3 Bxc3 20. bxc3 Be4 21. Bg4 Rc7 22. Rac1 b5 23. Qf4 Qd6 24. f3 Bh7 25. Ng6 Qxf4 26. Nxf4 Nxg4 27. Nxd5 Rd7 28. Ne7+ Rxe7 29. Rxe7 Nf6 30. Ra7 Bd3 31. Rd1 Bc4 32. Rc1 Rc8 33. Rxa6 b4 34. Ra4 b3 35. Rb4 Nd5 36. Rb7 Ra8 37. Ra1 Nxc3 38. Rc7 Ra4 39. Rb7 Ne2+ 40. Kf2 Nxd4 41. Rb4 Rxb4 42. axb4 Nc2 43. Rb1 Nxb4 44. Ke3 Nc2+ 45. Kd2 Kf8 46. Kc3 Be6 47. h3 g5 48. g3 Ne3 49. Re1 Nf5 50. g4 Nh4 51. Rf1 Ke7 52. f4 Kd6 53. f5 Bd5 54. Ra1 f6 55. Kd4 Nf3+ 56. Ke3 Ke5 57. Rc1 Kd6 58. Kd3 Ne5+ 59. Kd4 Nc4 60. Kc3 b2 61. Rd1 Kc5 62. Re1 Be4 63. Rxe4 b1=Q 64. Rxc4+ Kd5 65. Rd4+ Ke5 66. Rd8 Qa1+ 67. Kb4 Qb2+ 68. Kc5 Qc3+ 69. Kb6 Qxh3 0-1

[Event "34th MPL National U12G Chess-ch 2022"]
[Site "Mysore"]
[Date "2022.04.09"]
[Round "2.6"]
[White "Arushi Severin Helen D Silva"]
[Black "Yasaswi Krishna Bommi"]
[Result "1-0"]
[ECO "C42"]
[WhiteElo "1105"]
[BlackElo "1271"]
[Annotator "NA RC"]
[PlyCount "189"]
[EventDate "2022.04.09"]
[EventCountry "IND"]
[SourceTitle "playchess.com"]
[Source "ChessBase"]
[SourceQuality "1"]
[TimeControl "5400+30"]

1. e4 e5 2. Nf3 Nf6 3. Nc3 Bb4 4. d3 O-O 5. Bg5 h6 6. Bh4 d6 7. Be2 Be6 8. O-O Nbd7 9. h3 c6 10. a3 Bxc3 11. bxc3 Qc7 12. Nd2 d5 13. f3 Nh5 14. d4 exd4 15. cxd4 Ng3 16. Bxg3 Qxg3 17. Qe1 Qg6 18. Qh4 Nf6 19. Bd3 Qh5 20. Qxh5 Nxh5 21. f4 Ng3 22. Rf3 Nxe4 23. Nxe4 dxe4 24. Bxe4 Rad8 25. Rd3 Bc4 26. Rd2 Rfe8 27. Bf3 Re3 28. Kf2 Rde8 29. a4 Kh7 30. Rb1 Ba6 31. Rb3 Re1 32. d5 cxd5 33. Bxd5 Rf1+ 34. Kg3 Re7 35. Bf3 Ra1 36. Rb4 Ra3 37. Kh2 Kg6 38. Rd6+ f6 39. Be4+ Kf7 40. Bd5+ Ke8 41. Bb3 Rd7 42. Re6+ Kd8 43. Rbe4 b6 44. Re3 Ra1 45. Re8+ Kc7 46. Rc3+ Kb7 47. Be6 Rc7 48. Bc8+ Rxc8 49. Rexc8 Be2 50. R3c7+ Ka6 51. Ra8 Ka5 52. Rcxa7+ Kb4 53. Rb8 b5 54. Rxg7 Rxa4 55. Re7 Bc4 56. Re3 Ra2 57. c3+ Kb3 58. Rb6 Bd5 59. Rxb5+ Kc4 60. Rb4+ Kc5 61. Rg3 h5 62. h4 f5 63. Rb8 Rf2 64. Rc8+ Kd6 65. Rd3 Ke6 66. Re8+ Kf7 67. Rxd5 Kxe8 68. Rxf5 Rc2 69. Rc5 Ke7 70. Kh3 Kd6 71. Rc4 Kd5 72. Rc8 Ke4 73. Kg3 Kf5 74. Rc5+ Ke4 75. Re5+ Kd3 76. Rxh5 Rxc3 77. Re5 Kd4+ 78. Kg4 Rc2 79. g3 Rc8 80. h5 Rg8+ 81. Rg5 Re8 82. h6 Rh8 83. Kh5 Ke4 84. Rg7 Kf5 85. h7 Kf6 86. Kh6 Rd8 87. Rg8 Rd2 88. h8=Q+ Kf5 89. Qh7+ Ke6 90. Qe4+ Kd7 91. Rg7+ Kd6 92. Rg6+ Kc7 93. Qc6+ Kb8 94. Rg8+ Ka7 95. Ra8# 1-0

[Event "34th MPL National U12G Chess-ch 2022"]
[Site "Mysore"]
[Date "2022.04.10"]
[Round "3.1"]
[White "Gorli Nyna"]
[Black "Shubhi Gupta"]
[Result "0-1"]
[ECO "C54"]
[WhiteElo "1151"]
[BlackElo "1434"]
[Annotator "NA RC"]
[PlyCount "128"]
[EventDate "2022.04.09"]
[EventCountry "IND"]
[SourceTitle "playchess.com"]
[Source "ChessBase"]
[SourceQuality "1"]
[TimeControl "5400+30"]

1. e4 e5 2. Nf3 Nc6 3. Bc4 Bc5 4. c3 Nf6 5. d3 d6 6. h3 h6 7. Bb3 O-O 8. O-O Bb6 9. Be3 Be6 10. Bc2 Ne7 11. d4 Ng6 12. Nbd2 Re8 13. Re1 c6 14. Nf1 Qc7 15. Ng3 Rad8 16. Qd2 d5 17. exd5 Bxd5 18. Bxg6 Bxf3 19. Bxf7+ Qxf7 20. gxf3 exd4 21. cxd4 c5 22. Kh2 cxd4 23. Bf4 Nd5 24. Rxe8+ Rxe8 25. Bd6 Qxf3 26. Rg1 Qf6 27. Ba3 Nf4 28. Re1 Rxe1 29. Qxe1 Qc6 30. Qe4 Bc7 31. Qxc6 bxc6 32. Bc5 d3 33. Be3 Ne2 34. Kg2 Bf4 35. Kf3 Kf7 36. Nxe2 Bxe3 37. Kxe3 dxe2 38. Kxe2 Kg6 39. Ke3 Kg5 40. Kf3 Kf5 41. Ke3 Ke5 42. b3 c5 43. a4 a5 44. Kd3 Kd5 45. f3 g5 46. Kc3 h5 47. Kd3 Ke5 48. Ke3 h4 49. Ke2 Kd4 50. Kd2 c4 51. bxc4 Kxc4 52. Ke3 Kb4 53. f4 gxf4+ 54. Kxf4 Kxa4 55. Kg4 Kb5 56. Kxh4 a4 57. Kg5 a3 58. h4 a2 59. h5 a1=Q 60. h6 Qh8 61. Kg6 Kc6 62. h7 Kd6 63. Kh6 Qf6+ 64. Kh5 Qg7 0-1

[Event "34th MPL National U12G Chess-ch 2022"]
[Site "Mysore"]
[Date "2022.04.10"]
[Round "3.2"]
[White "Singh Myra"]
[Black "Aadya Gupta"]
[Result "0-1"]
[ECO "C72"]
[WhiteElo "1606"]
[BlackElo "1218"]
[Annotator "NA RC"]
[PlyCount "110"]
[EventDate "2022.04.09"]
[EventCountry "IND"]
[SourceTitle "playchess.com"]
[Source "ChessBase"]
[SourceQuality "1"]
[TimeControl "5400+30"]

1. e4 e5 2. Nf3 Nc6 3. Bb5 a6 4. Ba4 d6 5. O-O Bd7 6. d4 Nge7 7. Re1 Ng6 8. Bxc6 Bxc6 9. b3 Be7 10. Bb2 Bf6 11. Nbd2 O-O 12. Nc4 Re8 13. d5 Bd7 14. Ne3 Bg5 15. Nf1 Qf6 16. Nxg5 Qxg5 17. Ng3 Nf4 18. Bc1 g6 19. Be3 h5 20. f3 h4 21. Bxf4 exf4 22. Nf1 h3 23. Qe2 Kg7 24. Qf2 hxg2 25. Qxg2 Qh5 26. Nd2 b5 27. c4 b4 28. Rac1 Qe5 29. Nf1 Rh8 30. Qd2 Rh3 31. Qf2 Rah8 32. Red1 Qh5 33. Rd3 Re8 34. Rcd1 g5 35. Qg2 Re5 36. R1d2 Rh4 37. Kf2 f5 38. exf5 Bxf5 39. Rd4 Bh3 40. Qh1 Qe8 41. Re4 Rxe4 42. fxe4 Qe5 43. Qg1 Rg4 44. Qh1 Qa1 45. Rc2 Rg2+ 46. Qxg2 Bxg2 47. Kxg2 g4 48. Kf2 Qd4+ 49. Ke2 f3+ 50. Ke1 Qxe4+ 51. Kd1 Qd3+ 52. Nd2 f2 53. Kc1 f1=Q+ 54. Kb2 Qd4+ 55. Rc3 Qxc3# 0-1

[Event "34th MPL National U12G Chess-ch 2022"]
[Site "Mysore"]
[Date "2022.04.10"]
[Round "3.3"]
[White "Nihira Koul"]
[Black "Kalyani Sirin"]
[Result "0-1"]
[ECO "A05"]
[WhiteElo "1188"]
[BlackElo "1243"]
[Annotator "NA RC"]
[PlyCount "194"]
[EventDate "2022.04.09"]
[EventCountry "IND"]
[SourceTitle "playchess.com"]
[Source "ChessBase"]
[SourceQuality "1"]
[TimeControl "5400+30"]

1. Nf3 Nf6 2. b3 g6 3. Bb2 Bg7 4. g3 d5 5. Bg2 O-O 6. O-O c5 7. d3 Nc6 8. Nbd2 b6 9. Ne5 Nxe5 10. Bxe5 Bb7 11. e3 Rc8 12. d4 Ba6 13. Re1 c4 14. bxc4 Bxc4 15. Nxc4 Rxc4 16. Bf1 Rc3 17. Bd3 e6 18. Qd2 Qc8 19. Bd6 Rd8 20. Be7 Rd7 21. Bb4 Rcc7 22. Rac1 Ne4 23. Bxe4 dxe4 24. c3 Bf8 25. Bxf8 Kxf8 26. Qc2 f5 27. Qb3 Rc4 28. Rc2 Rdc7 29. Rec1 Kf7 30. Kf1 Qa6 31. Ke1 Kf6 32. Kd2 Qa5 33. Rb1 g5 34. Rbc1 b5 35. a3 a6 36. Ke2 Qb6 37. Rb1 Qc6 38. Kd2 Qe8 39. Rh1 Rd7 40. h4 g4 41. Ke2 Qa8 42. Ra1 Qc6 43. Rb1 Rd5 44. Rbc1 Rd7 45. Rb1 Rc7 46. Kd2 Qd5 47. Ke2 Kg6 48. Qb2 Kf7 49. Qb3 Kg6 50. Qb2 e5 51. Rd1 a5 52. dxe5 Qxe5 53. Rd4 Qc5 54. Qb3 a4 55. Qa2 Kf6 56. Rxc4 Qxc4+ 57. Qxc4 Rxc4 58. Kd2 Ke5 59. Rb2 Rc5 60. Rb4 Kd5 61. Rd4+ Kc6 62. Kc2 Rd5 63. Kd2 Kc5 64. Ke2 h6 65. h5 Kc6 66. Rxd5 Kxd5 67. Kd2 Ke5 68. Ke2 Kf6 69. Kd2 Kg5 70. c4 bxc4 71. Kc3 Kxh5 72. Kxc4 Kg5 73. Kb4 h5 74. Kxa4 h4 75. gxh4+ Kxh4 76. Kb3 f4 77. exf4 e3 78. fxe3 g3 79. Kc4 g2 80. Kd5 g1=Q 81. e4 Qg8+ 82. Ke5 Kg4 83. f5 Kg5 84. a4 Qe8+ 85. Kd6 Qxe4 86. a5 Kxf5 87. Kc5 Ke6 88. Kb6 Qa8 89. a6 Kd6 90. Kb5 Qa7 91. Ka5 Kc5 92. Ka4 Qxa6+ 93. Kb3 Qd3+ 94. Kb2 Kb4 95. Kc1 Qe2 96. Kb1 Kb3 97. Kc1 Qe1# 0-1

[Event "34th MPL National U12G Chess-ch 2022"]
[Site "Mysore"]
[Date "2022.04.10"]
[Round "3.4"]
[White "Prishita Gupta"]
[Black "Gifty R S"]
[Result "1-0"]
[ECO "D11"]
[WhiteElo "1412"]
[BlackElo "1171"]
[Annotator "NA RC"]
[PlyCount "90"]
[EventDate "2022.04.09"]
[EventCountry "IND"]
[SourceTitle "playchess.com"]
[Source "ChessBase"]
[SourceQuality "1"]
[TimeControl "5400+30"]

1. d4 d5 2. g3 Nf6 3. Bg2 Bf5 4. c4 c6 5. Nc3 e6 6. Nf3 Bd6 7. Ne5 Nbd7 8. Bf4 Nh5 9. Nxf7 Kxf7 10. Bxd6 Nb6 11. c5 Nc4 12. e4 Bg6 13. Qe2 Nxd6 14. cxd6 Qxd6 15. e5 Qf8 16. Bf3 Nf4 17. gxf4 Ke8 18. Qd2 Qf5 19. h4 h5 20. Na4 Rf8 21. Rg1 Qc2 22. Qxc2 Bxc2 23. Bxh5+ g6 24. Bxg6+ Bxg6 25. Rxg6 Rxf4 26. Rg8+ Rf8 27. Rxf8+ Kxf8 28. O-O-O Ke7 29. Rg1 Kf7 30. Rg4 Rh8 31. Nc5 b6 32. Nd7 Rh5 33. Nf6 Rh8 34. b4 a5 35. bxa5 bxa5 36. a4 Rh6 37. h5 Rh8 38. Rg3 Ke7 39. Rg7+ Kd8 40. Rh7 Rxh7 41. Nxh7 Ke7 42. Nf6 Kf7 43. h6 Kg6 44. h7 Kg7 45. f4 Kh8 1-0

[Event "34th MPL National U12G Chess-ch 2022"]
[Site "Mysore"]
[Date "2022.04.10"]
[Round "3.5"]
[White "Hiya Garg"]
[Black "Sherali Pattnaik"]
[Result "0-1"]
[ECO "B41"]
[WhiteElo "1062"]
[BlackElo "1209"]
[Annotator "NA RC"]
[PlyCount "112"]
[EventDate "2022.04.09"]
[EventCountry "IND"]
[SourceTitle "playchess.com"]
[Source "ChessBase"]
[SourceQuality "1"]
[TimeControl "5400+30"]

1. e4 c5 2. Nf3 e6 3. d4 cxd4 4. Nxd4 a6 5. f4 d6 6. Nf3 Nf6 7. e5 dxe5 8. Qxd8+ Kxd8 9. Nxe5 Ke8 10. Nd2 Nbd7 11. Ndf3 b5 12. a4 b4 13. Bd3 Bc5 14. g4 Bb7 15. Nxd7 Kxd7 16. Ne5+ Ke7 17. g5 Bxh1 18. gxf6+ gxf6 19. Nc4 Rhg8 20. Be3 Bxe3 21. Nxe3 Rg1+ 22. Nf1 Rag8 23. O-O-O Bf3 24. Re1 Rh1 25. Kd2 Rg2+ 26. Ke3 Bb7 27. Kd4 Rgg1 28. Ke3 Rxh2 29. Kd4 Rf2 30. f5 h5 31. fxe6 fxe6 32. Bc4 e5+ 33. Kc5 Rxc2 34. b3 h4 35. Kb6 Bg2 36. Ne3 Rxe1 37. Nxc2 Rc1 38. Nxb4 h3 39. Nd5+ Kd6 40. Ne3 h2 41. Nf5+ Kd7 42. Ng3 Rc3 43. Ne2 Rxc4 44. bxc4 h1=Q 45. Nc3 Bb7 46. Ka7 Qf3 47. Nd5 Bxd5 48. cxd5 Qxd5 49. a5 Qxa5 50. Ka8 Qe1 51. Ka7 f5 52. Ka8 f4 53. Ka7 f3 54. Kxa6 f2 55. Ka7 f1=Q 56. Ka8 Qa6+ 0-1

[Event "34th MPL National U12G Chess-ch 2022"]
[Site "Mysore"]
[Date "2022.04.10"]
[Round "3.6"]
[White "Sakthi Vaishnavi A K"]
[Black "Shriyana S Mallya"]
[Result "1/2-1/2"]
[ECO "C50"]
[WhiteElo "1009"]
[BlackElo "1277"]
[Annotator "NA RC"]
[PlyCount "122"]
[EventDate "2022.04.09"]
[EventCountry "IND"]
[SourceTitle "playchess.com"]
[Source "ChessBase"]
[SourceQuality "1"]
[TimeControl "5400+30"]

1. e4 e5 2. Nf3 Nc6 3. Bc4 Bc5 4. d3 h6 5. Nc3 Nf6 6. h3 d6 7. O-O a6 8. Be3 Ba7 9. Bxa7 Rxa7 10. d4 exd4 11. Nxd4 Nxd4 12. Qxd4 c5 13. Qd2 b5 14. Bd5 O-O 15. a3 Re7 16. Rad1 Qc7 17. f3 Rd8 18. Rfe1 Red7 19. Qf4 b4 20. Ne2 bxa3 21. bxa3 Re7 22. Ng3 Qa5 23. Re3 Re5 24. Red3 Qb6 25. Bc4 Ree8 26. Nh5 Be6 27. Nxf6+ gxf6 28. Bxe6 c4+ 29. Rd4 fxe6 30. Qg4+ Kh7 31. Kh1 Qc5 32. e5 Qxe5 33. Rxc4 Re7 34. Re4 f5 35. Rxe5 fxg4 36. hxg4 Kg6 37. Ra5 Ra7 38. Kg1 d5 39. Kf2 Rc8 40. Rd2 Rc3 41. f4 Rf7 42. Rxa6 Rxf4+ 43. Ke2 Rxg4 44. Rxe6+ Kf5 45. Re8 Rxg2+ 46. Kd1 Rxd2+ 47. Kxd2 Rxa3 48. Rh8 Ra6 49. Kd3 Kg5 50. Kd4 Rc6 51. Rg8+ Kh4 52. Rg2 Rd6 53. Ke5 Rd8 54. Rh2+ Kg5 55. Rg2+ Kh5 56. Kf5 Kh4 57. Rh2+ Kg3 58. Rxh6 Kf3 59. Rh3+ Ke2 60. Rd3 Rc8 61. Rxd5 Rxc2 1/2-1/2

[Event "34th MPL National U12G Chess-ch 2022"]
[Site "Mysore"]
[Date "2022.04.10"]
[Round "4.1"]
[White "Shubhi Gupta"]
[Black "Aadhya Jain"]
[Result "0-1"]
[ECO "A84"]
[WhiteElo "1434"]
[BlackElo "1128"]
[Annotator "NA RC"]
[PlyCount "140"]
[EventDate "2022.04.09"]
[EventCountry "IND"]
[SourceTitle "playchess.com"]
[Source "ChessBase"]
[SourceQuality "1"]
[TimeControl "5400+30"]

1. d4 d5 2. c4 e6 3. Nc3 f5 4. Nf3 Nf6 5. Bf4 c6 6. e3 Be7 7. Rc1 O-O 8. Bd3 Ne4 9. O-O Nd7 10. Ne5 Bf6 11. Qe2 Nxe5 12. Bxe5 Bxe5 13. dxe5 Qg5 14. f4 Qg6 15. Bxe4 fxe4 16. Kh1 Bd7 17. Rcd1 Rad8 18. Rg1 Bc8 19. cxd5 exd5 20. g4 Qe6 21. Qg2 b6 22. Qg3 Rde8 23. Ne2 c5 24. Nc3 Bb7 25. Nb5 Re7 26. Nd6 Ba6 27. Rd2 Bd3 28. b3 d4 29. h3 Qd5 30. Kh2 a6 31. Re1 b5 32. Qh4 Rd7 33. Nf5 Qe6 34. Qg3 Kh8 35. Nd6 Qd5 36. f5 Rfd8 37. Rxd3 exd3 38. e4 Qc6 39. Qxd3 Rxd6 40. exd6 Qxd6+ 41. e5 Qc7 42. Qg3 c4 43. bxc4 bxc4 44. g5 d3 45. Rd1 c3 46. Rxd3 Rxd3 47. Qxd3 c2 48. Qa3 Qxe5+ 49. Kg2 Qxf5 50. Qe3 Qd5+ 51. Kf2 Qc6 52. Qc1 h6 53. h4 hxg5 54. hxg5 Kh7 55. Ke2 Kg6 56. Kd3 Qd5+ 57. Kxc2 Qc4+ 58. Kd2 Qxc1+ 59. Kxc1 Kxg5 60. Kd2 Kf4 61. Ke2 Kg3 62. Kf1 Kh2 63. Kf2 g5 64. Kf3 Kh3 65. Kf2 g4 66. Kg1 Kg3 67. Kh1 Kf2 68. a3 g3 69. a4 g2+ 70. Kh2 g1=Q+ 0-1

[Event "34th MPL National U12G Chess-ch 2022"]
[Site "Mysore"]
[Date "2022.04.10"]
[Round "4.2"]
[White "Kalyani Sirin"]
[Black "Krupha S Ukkali"]
[Result "1-0"]
[ECO "B79"]
[WhiteElo "1243"]
[BlackElo "1223"]
[Annotator "NA RC"]
[PlyCount "51"]
[EventDate "2022.04.09"]
[EventCountry "IND"]
[SourceTitle "playchess.com"]
[Source "ChessBase"]
[SourceQuality "1"]
[TimeControl "5400+30"]

1. e4 c5 2. Nf3 d6 3. d4 cxd4 4. Nxd4 Nf6 5. Nc3 g6 6. Be3 Bg7 7. f3 O-O 8. Bc4 Nc6 9. Qd2 Bd7 10. O-O-O Qa5 11. Kb1 Rfc8 12. Bb3 Ne5 13. h4 Nc4 14. Bxc4 Rxc4 15. g4 Rac8 16. h5 a6 17. hxg6 fxg6 18. Bh6 Bh8 19. Nb3 Qc7 20. Bg5 Bc6 21. Bxf6 Bxf6 22. Nd5 Bxd5 23. Qxd5+ Kg7 24. g5 Be5 25. Rh5 h6 26. Rxh6 1-0